 Dungeon Crawl Stone Soup version 0.18.1-5-g4a78601 (webtiles) character file.

157 GordonOverkill the Poker (level 5, -1/38 HPs)
             Began as a Human Gladiator on May 13, 2016.
             Killed from afar by an orc wizard (15 damage)
             ... with a wand of lightning
             ... on level 3 of the Dungeon.
             The game lasted 00:08:58 (3507 turns).

GordonOverkill the Poker (Human Gladiator)          Turns: 3507, Time: 00:08:59

Health: -1/38      AC:  6    Str: 16    XL:     5   Next: 66%
Magic:  5/5        EV: 11    Int:  9    God:
Gold:   151        SH:  0    Dex: 13    Spells: 0 memorised, 4 levels left

rFire  . . .     SeeInvis .     a - +0 trident
rCold  . . .     Gourm    .     s - +0 ring mail
rNeg   . . .     Faith    .     (no shield)
rPois  .         Spirit   .     c - +0 helmet
rElec  .         Dismiss  .     (no cloak)
rCorr  .         Reflect  .     (no gloves)
SustAt .         Harm     .     (no boots)
MR     .....                    (no amulet)
Stlth  +.........               (no ring)
                                (no ring)

@: not resistant to hostile enchantments, very unstealthy
A: no striking features
a: no special abilities


You were on level 3 of the Dungeon.
You were not hungry.

You visited 1 branch of the dungeon, and saw 3 of its levels.

You collected 151 gold pieces.

Inventory:

Hand Weapons
 a - a +0 trident (weapon)
Missiles
 d - 5 throwing nets (quivered)
Armour
 b - a +0 leather armour
 c - a +0 helmet (worn)
 k - a +0 buckler
 s - a +0 ring mail (worn)
Wands
 u - a wand of paralysis (10/24)
Scrolls
 g - 2 scrolls of teleportation {unknown}
 i - a scroll of enchant weapon {unknown}
 m - 5 scrolls of remove curse
 n - a scroll of noise {unknown}
 p - a scroll of blinking {unknown}
Potions
 e - a potion of lignification {unknown}
 o - a potion of magic {unknown}
 q - a potion of beneficial mutation {unknown}
 r - a potion of brilliance {unknown}
 t - a potion of flight {unknown}
Comestibles
 f - 2 bread rations
 h - 2 beef jerkies
 j - a meat ration
 l - 5 fruits
 v - 2 chunks of flesh


   Skills:
 - Level 2.0 Fighting
 + Level 5.9 Polearms
 - Level 2.0 Throwing
 - Level 3.0 Dodging


You had 4 spell levels left.
You didn't know any spells.

Dungeon Overview and Level Annotations

Branches:
Dungeon (3/15)

Altars:
Pakellas
Xom

Annotations:
D:2 Sigmund


Message History

The orc wizard points at you and mumbles some strange words.
The puff of frost hits you!
You closely miss the orc wizard.
The orc wizard is moderately wounded.
The orc wizard hits you but does no damage.
You puncture the orc wizard!
The orc wizard is almost dead.
The orc wizard mumbles some strange words.
The orc wizard seems to speed up.
You hit the orc wizard but do no damage.
The orc wizard is almost dead.
The orc wizard drinks a potion.
The orc wizard is healed!
You hit the orc wizard but do no damage.
The orc wizard is moderately wounded.
The orc wizard zaps a wand.
The bolt of lightning misses you.
The orc wizard zaps a wand.
The bolt of lightning misses you.
You hit the orc wizard but do no damage.
The orc wizard is moderately wounded.
The orc wizard zaps a wand.
The bolt of lightning hits you!
You die...

##########.###.##
#................
#.#............########
#.#.##...............?
#...................#
#.#.##.........##...# .
#.#.##.........##...# ..
#.#.##.........#...)###.#.
##.#(##......[..@..........
...#)##.........#o.....#.#
##..(####...#######......#
##.[## ##.## ###....###
##..# #.# #...#.## ....#
#.# #.###.# ..#.# #.# #<# #
#...# #.######.#
###.######.....##.###.##


You could see an orc wizard.

Vanquished Creatures
  3 gnolls (D:3)
  4 adders
  An ooze (D:1)
  A worm (D:2)
  A dart slug (D:3)
  2 giant geckos
  8 orcs (D:3)
  2 giant cockroaches
  12 goblins
  11 hobgoblins
  2 quokkas
  13 bats
  A giant gecko zombie (D:3)
  5 kobolds
  7 rats
73 creatures vanquished.

Notes
Turn   | Place    | Note
--------------------------------------------------------------
     0 | D:1      | GordonOverkill the Human Gladiator began the quest for the Orb.
     0 | D:1      | Reached XP level 1. HP: 16/16 MP: 1/1
   367 | D:1      | Reached XP level 2. HP: 22/22 MP: 2/2
   625 | D:1      | Reached skill level 4 in Polearms
   625 | D:1      | Reached XP level 3. HP: 27/27 MP: 3/3
  1070 | D:2      | Found an oddly glowing altar of Pakellas.
  1407 | D:2      | Reached XP level 4. HP: 31/33 MP: 4/4
  1515 | D:2      | Noticed Sigmund
  1789 | D:2      | Found a shimmering altar of Xom.
  1923 | D:3      | Reached skill level 5 in Polearms
  2589 | D:3      | Reached XP level 5. HP: 11/38 MP: 5/5
  3170 | D:3      | Found a faded altar to an unknown god.
  3507 | D:3      | Killed from afar by an orc wizard

Skill      XL: |  1  2  3  4 |
---------------+-------------+-----
Polearms       | 4 5 |  5.9
Fighting       | |  2.0
Throwing       | |  2.0
Dodging        | |  3.0

Action                   |  1- 3 |  4- 6 || total
-------------------------+-------+-------++-------
Melee: Trident           |    99 |   199 ||   298
  Use: Scroll            |       |     3 ||     3
       Potion            |       |     3 ||     3
 Stab: Sleeping          |     2 |     1 ||     3
       Invisible         |       |     3 ||     3
  Eat: Chunk             |     2 |     7 ||     9
Armor: Leather armour    |    18 |    22 ||    40
       Ring mail         |       |    34 ||    34
Dodge: Dodged            |    52 |   129 ||   181
